 Dungeon Crawl Stone Soup version 0.20-a0-903-g7e3609c (webtiles) character file.

151 Angani the Skirmisher (level 5, 0/39 HPs)
             Began as an Octopode Transmuter on Mar 20, 2017.
             Slain by a centaur (7 damage)
             ... on level 3 of the Dungeon.
             The game lasted 00:04:23 (3109 turns).

Angani the Skirmisher (Octopode Transmuter)         Turns: 3109, Time: 00:04:24

Health: 0/39       AC:  1    Str: 13 (14) XL:     5   Next: 33%
Magic:  8/8        EV: 13    Int: 21 (22) God:
Gold:   165        SH:  0    Dex: 11 (12) Spells: 7/8 levels left

rFire    . . .     SeeInvis .     - Unarmed
rCold    . . .     Gourm    .   (no shield)
rNeg     . . .     Faith    .   (helmet restricted)
rPois    .         Spirit   .   (no amulet)
rElec    .         Reflect  .   (no ring)
rCorr    .         Harm     .   (no ring)
MR       .....                  (no ring)
Stlth    ++........             (no ring)
Regen    0.2/turn               (no ring)
MPRegen  0.2/turn               (no ring)
                                (no ring)
                                (no ring)

@: mighty, brilliant, flying
A: almost no armour, stealthy swim, amphibious, 8 rings, constrict 8, camouflage
1, gelatinous body 1
a: no special abilities


You were on level 3 of the Dungeon.
You were not hungry.

You visited 1 branch of the dungeon, and saw 3 of its levels.

You collected 165 gold pieces.

Inventory:

Missiles
 a - 12 arrows
Scrolls
 d - a scroll of amnesia {unknown}
 f - a scroll of identify {unknown}
 g - a scroll of remove curse {unknown}
 i - a scroll of random uselessness {unknown}
 m - a scroll of teleportation {unknown}
 o - a scroll of recharging {unknown}
Potions
 k - a potion of degeneration
 p - a potion of might
Books
 b - a book of Changes

   Spells                             Type                      Level
   a - Beastly Appendage              Transmutation                1
   b - Sticks to Snakes               Transmutation                2
   c - Spider Form                    Transmutation/Poison         3
   d - Ice Form                       Ice/Transmutation            4
   e - Blade Hands                    Transmutation                5
 l - a book of Misfortune

   Spells                             Type                      Level
   a - Confusing Touch                Hexes                        1
   b - Confuse                        Hexes                        3
   c - Gell's Gravitas                Translocation                3
   d - Petrify                        Transmutation/Earth          4
   e - Metabolic Englaciation         Hexes/Ice                    5
   f - Yara's Violent Unravelling     Hexes/Transmutation          5
Comestibles
 c - 4 bread rations
 h - a meat ration
 j - 3 fruits
 q - a royal jelly
 r - 2 chunks of flesh


   Skills:
 - Level 5.0 Fighting
 - Level 2.0 Dodging
 + Level 3.0 Unarmed Combat
 - Level 2.0 Spellcasting
 - Level 2.0 Transmutations


You had 7 spell levels left.
You knew the following spells:

 Your Spells              Type           Power        Failure   Level  Hunger
a - Beastly Appendage     Tmut           ###...       1%          1    #......


Dungeon Overview and Level Annotations

Branches:
Dungeon (3/15)

Altars:
Vehumet


Innate Abilities, Weirdness & Mutations

You cannot wear most types of armour.
You are very stealthy in the water. (Stealth+)
You are amphibious.
You can wear up to eight rings at the same time.
You can use your tentacles to constrict eight enemies at once.
Your skin changes colour to match your surroundings (Stealth+).
Your rubbery body absorbs attacks. (AC +1, EV +1)


Message History

The centaur is lightly wounded.
The centaur misses you. The centaur barely misses you.
It was a potion of brilliance.
You feel clever all of a sudden. The centaur hits you.
* * * LOW HITPOINT WARNING * * *
The quokka barely misses you.
It was a potion of degeneration.
There was something very wrong with that liquid.
You feel weakened.
You feel dopey.
You feel clumsy. The centaur closely misses you. The quokka barely misses you.
The centaur barely misses you.
It was a potion of flight.
You feel very buoyant.
You fly up into the air.
The quokka closely misses you. The centaur barely misses you.
The kobold misses you.
It was a potion of might.
You feel very mighty all of a sudden. The centaur hits you!
You die...

.#.### #..# ###.....#
.#...########..###.......#
####.......##..##..#...###
##)..#####...?.##.##...#
#...# ##.%............
#...#####.......^##...###
##.............$..##...#
.<...#####..)....K.......
##...# #......(@c.......
######....#.....r.......
.... ##......##... ...
........# ... ..
##.?.....# .# . .........#
####.....## ##...##


You could see a centaur, a quokka and a kobold.

Vanquished Creatures
  4 gnolls (D:3)
  2 adders (D:2)
  2 oozes (D:1)
  2 worms (D:2)
  3 dart slugs
  3 leopard geckos
  2 orcs (D:3)
  A ball python (D:1)
  3 giant cockroaches
  11 goblins
  5 hobgoblins
  3 jackals (D:2)
  A quokka (D:3)
  7 bats
  6 frilled lizards
  11 kobolds
  6 rats
72 creatures vanquished.

Vanquished Creatures (others)
  A quokka (D:2)
1 creature vanquished.

Grand Total: 73 creatures vanquished

Notes
Turn   | Place    | Note
-------+----------+-------------------------------------------
     0 | D:1      | Angani the Octopode Transmuter began the quest for the Orb.
     0 | D:1      | Reached XP level 1. HP: 13/13 MP: 3/3
   509 | D:1      | Reached skill level 2 in Fighting
   509 | D:1      | Reached XP level 2. HP: 19/19 MP: 5/5
  1054 | D:1      | Reached XP level 3. HP: 25/25 MP: 6/6
  1164 | D:1      | Reached skill level 3 in Fighting
  1581 | D:2      | Reached XP level 4. HP: 32/33 MP: 7/7
  1806 | D:2      | Reached skill level 4 in Fighting
  2131 | D:2      | Found a radiant altar of Vehumet.
  2636 | D:3      | Reached XP level 5. HP: 25/38 MP: 8/8
  3001 | D:3      | Reached skill level 5 in Fighting
  3098 | D:3      | Noticed a centaur
  3109 | D:3      | Slain by a centaur

Vault maps used:
D:1:      minmay_arrival_semitransparent
D:2:      fiery_altar_vehumet, st_stairs_1
D:3:      first_bread

Skill      XL: |  1  2  3  4  5 |
---------------+----------------+-----
Fighting       | 2 3 4 5 |  5.0
Dodging        | |  2.0
Unarmed Combat | |  3.0
Spellcasting   | |  2.0
Transmutations | |  2.0

Action                   |  1- 3 |  4- 6 || total
-------------------------+-------+-------++-------
Melee: Unarmed           |    62 |   107 ||   169
       Constrict         |    15 |    29 ||    44
       Tentacles         |    11 |    24 ||    35
       Punch             |       |     2 ||     2
  Use: Potion            |       |     4 ||     4
 Stab: Sleeping          |     8 |     5 ||    13
  Eat: Chunk             |     1 |     6 ||     7
Armor: Skin              |     4 |     7 ||    11
Dodge: Dodged            |    37 |    64 ||   101
